Sabres vs Penguins
Created - 5 mai 2013 at 19:36
Goals
|
| Sabres |
4 |
1 |
2 |
7 |
| Penguins |
2 |
1 |
0 |
3 |
|
Shots
|
| Sabres |
14 |
12 |
13 |
39 |
| Penguins |
15 |
7 |
8 |
30 |
|
1st period
1. Sabres , Mats Sundin 32 (Dan McGillis) at 9:12 (PP)
2. Sabres , Niclas Bergfors 14 (Michal Rozsival, Kyle Calder) at 11:31
3. Sabres , Niklas Sundstrom 13 (Michal Rozsival, Markus Naslund) at 14:24
4. Sabres , Mats Sundin 33 (Markus Naslund, Jason Smith) at 14:41 (PP)
5. Penguins , Darren Reid 25 (Andreas Johansson, Martin Skoula) at 16:07
6. Penguins , T.J. Hensick 13 (Andy Sutton) at 17:02
Penalties :
Daniel Cleary (Buf) for Roughing (Minor) at 0:27, Andreas Johansson (Pit) for Slashing (Minor) at 7:31, Mats Sundin (Buf) for Holding (Minor) at 9:13, Darren Reid (Pit) for High sticking (Minor) at 14:25, Daniel Cleary (Buf) for Goalie Interference (Minor) at 17:18
2nd period
7. Penguins , Ryan Kesler 27 (Taylor Pyatt, Tom Preissing) at 3:15
8. Sabres , Kyle Calder 6 (Michal Rozsival) at 15:15
Penalties :
Daniel Cleary (Buf) for Goalie Interference (Minor) at 9:28, Ruslan Fedotenko (Pit) for Hooking (Minor) at 17:26
3rd period
9. Sabres , Niklas Sundstrom 14 (Brendan Morrison, Jason Smith) at 11:15
10. Sabres , Dominic Moore 17 (Mats Sundin) at 13:40
Penalties :
Niclas Havelid (Buf) for Holding (Minor) at 3:38
Goalie Stats
Niklas Backstrom (Buf), 27 saves from 30 shots - (0,900), W, 35-32-6, 60:00 minutes
Jason LaBarbera (Pit), 32 saves from 39 shots - (0,821), L, 6-17-2, 60:00 minutes
Players Stats for Sabres
Player Name G A P +/- PIM S H SB GA TA FO MP PP MP PK MP
------------------------------------------------------------------------------------
Boyd Devereaux 0 0 0 0 0 0 1 0 0 0 2/5 8:35 0:00 2:30
Brendan Morrison 0 1 1 0 0 4 1 0 3 1 4/7 20:54 2:15 5:37
Chris Simon 0 0 0 0 0 1 1 0 1 1 1/2 19:21 2:15 4:03
Dan McGillis 0 1 1 0 0 2 2 0 1 0 0/0 20:21 0:55 4:23
Daniel Cleary 0 0 0 0 6 0 1 0 0 0 0/0 16:17 1:41 0:00
Dominic Moore 1 0 1 2 0 2 1 0 0 1 3/9 14:16 0:00 0:11
Jason Smith 0 2 2 2 0 2 2 1 1 1 0/0 30:38 3:01 5:32
Kyle Calder 1 1 2 2 0 4 2 0 0 0 1/2 14:15 0:00 0:15
Markus Naslund 0 2 2 0 0 2 2 0 1 0 1/2 18:46 1:41 2:54
Mats Sundin 2 1 3 0 2 6 1 0 1 1 26/45 23:55 1:41 4:20
Mattias Timander 0 0 0 0 0 1 0 1 0 0 0/0 9:46 0:00 0:42
Michal Rozsival 0 3 3 2 0 2 1 0 1 1 0/0 27:57 3:01 5:32
Niclas Bergfors 1 0 1 2 0 6 0 0 1 0 0/2 13:25 0:00 0:00
Niclas Havelid 0 0 0 0 2 3 0 2 1 0 0/0 19:32 0:55 3:21
Niklas Sundstrom 2 0 2 0 0 4 0 0 0 0 0/0 15:08 2:15 0:00
Ole-Kristian Tollefsen 0 0 0 0 0 0 0 0 0 0 0/0 9:01 0:00 0:00
Sean Avery 0 0 0 0 0 0 0 0 0 0 0/0 4:52 0:00 0:00
Stanislav Neckar 0 0 0 0 0 0 0 0 0 1 0/0 3:01 0:00 0:20
Players Stats for Penguins
Player Name G A P +/- PIM S H SB GA TA FO MP PP MP PK MP
------------------------------------------------------------------------------------
Andreas Johansson 0 1 1 1 2 2 0 0 0 0 1/4 20:51 5:40 0:43
Andy Delmore 0 0 0 0 0 0 2 3 0 0 0/0 10:19 0:00 0:00
Andy Sutton 0 1 1 -1 0 0 4 3 1 5 0/0 27:14 4:12 1:34
Ben Eager 0 0 0 -2 0 1 3 0 0 0 0/1 13:41 0:04 2:07
Carlo Colaiacovo 0 0 0 -1 0 2 2 2 0 1 0/0 23:21 5:43 2:22
Dan Hamhuis 0 0 0 -2 0 0 1 1 1 3 0/0 27:31 4:12 1:34
Darcy Tucker 0 0 0 -2 0 1 1 0 0 0 0/0 12:17 0:04 0:43
Darren Reid 1 0 1 1 2 2 5 0 1 0 1/1 19:47 5:40 0:00
Martin Skoula 0 1 1 -1 0 2 3 3 0 0 0/0 29:14 5:43 2:22
Mike Watt 0 0 0 -2 0 1 0 0 0 0 0/0 6:10 0:00 0:23
Riley Armstrong 0 0 0 -2 0 2 1 0 0 0 2/3 7:16 0:04 1:09
Ruslan Fedotenko 0 0 0 -2 2 0 0 0 1 0 2/2 6:20 0:00 0:23
Ryan Getzlaf 0 0 0 1 0 3 2 1 1 1 10/24 18:49 4:11 0:16
Ryan Kesler 1 0 1 1 0 3 1 1 1 0 11/25 20:10 5:40 0:00
T.J. Hensick 1 0 1 -2 0 2 1 0 1 1 6/11 13:22 0:00 2:08
Taylor Pyatt 0 1 1 1 0 7 1 0 0 0 0/0 18:44 4:11 0:00
Ted Purcell 0 0 0 1 0 2 0 0 0 0 3/3 18:44 4:11 0:00
Tom Preissing 0 1 1 1 0 0 0 0 0 0 0/0 2:11 0:00 0:00
3 Stars
1 - Kyle Calder (Buf)
2 - Mats Sundin (Buf)
3 - Michal Rozsival (Buf)
Power Play
Sabres - 2 on 3 Attempt(s) - 66,67%
Penguins - 0 on 5 Attempt(s) - 0,00%
Penalty Kill
Sabres - 5 on 5 Attempt(s) - 100,00%
- Score 0 goal in Penalty Kill
Penguins - 1 on 3 Attempt(s) - 33,33%
- Score 0 goal in Penalty Kill
Official
Referees : Marouelli Dan and Dwyer Gord
Linesman : Tony Sericolo and Pierre Champoux
Game Notes
No Game Note
Finance
Level 1 -- Attendance: 5892 (98,20%) -- Ticket Income 418 332 $
Level 2 -- Attendance: 4883 (97,66%) -- Ticket Income 229 501 $
Level 3 -- Attendance: 1740 (87,00%) -- Ticket Income 45 240 $
Level 4 -- Attendance: 4000 (100,00%) -- Ticket Income 60 000 $
Luxury Box -- Attendance: 860 (86,00%) -- Ticket Income 144 480 $
Game was played at the Igloo
Total Attendance: 17375 (96,53%)
Total Ticket Income: 897 553 $
Other Income: 44 878 $
Total Income: 942 431 $
Sabres
5 vs 5 Forward
Center Left Wing Right Wing Time % Phy DF OF
1 Mats Sundin Markus Naslund Daniel Cleary 40 1 2 2
2 Brendan Morrison Chris Simon Niklas Sundstrom 30 1 2 2
3 Dominic Moore Kyle Calder Niclas Bergfors 20 1 2 2
4 Boyd Devereaux Sean Avery Mats Sundin 10 1 2 2
5 vs 5 Defense
Defense Defense Time % Phy DF OF
1 Jason Smith Michal Rozsival 40 1 2 2
2 Dan McGillis Niclas Havelid 30 1 2 2
3 Ole-Kristian Tollefsen Mattias Timander 20 1 2 2
4 Stanislav Neckar Jason Smith 10 1 2 2
PowerPlay Forward
Center Left Wing Right Wing Time % Phy DF OF
1 Mats Sundin Markus Naslund Daniel Cleary 60 1 2 2
2 Brendan Morrison Chris Simon Niklas Sundstrom 40 1 2 2
PowerPlay Defense
Defense Defense Time % Phy DF OF
1 Jason Smith Michal Rozsival 60 1 2 2
2 Dan McGillis Niclas Havelid 40 1 2 2
Penalty Kill 4 Players Forward
Center Wing Time % Phy DF OF
1 Mats Sundin Brendan Morrison 60 1 2 2
2 Markus Naslund Chris Simon 40 1 2 2
Penalty Kill 4 Players Defense
Defense Defense Time % Phy DF OF
1 Jason Smith Michal Rozsival 60 1 2 2
2 Dan McGillis Niclas Havelid 40 1 2 2
Penalty Kill - 3 Players Forward
Forward Time % Phy DF OF
1 Mats Sundin 60 1 2 2
2 Brendan Morrison 40 1 2 2
Penalty Kill - 3 Players Defense
Defense Defense Time % Phy DF OF
1 Jason Smith Michal Rozsival 60 1 2 2
2 Dan McGillis Niclas Havelid 40 1 2 2
4 vs 4 Forward
Center Wing Time % Phy DF OF
1 Mats Sundin Brendan Morrison 60 1 2 2
2 Markus Naslund Chris Simon 40 1 2 2
4 vs 4 Defense
Defense Defense Time % Phy DF OF
1 Jason Smith Michal Rozsival 60 1 2 2
2 Dan McGillis Niclas Havelid 40 1 2 2
Last Minutes Offensive
Center Left Wing Right Wing Defense Defense
Mats Sundin Markus Naslund Daniel Cleary Jason Smith Michal Rozsival
Last Minutes Defensive
Center Left Wing Right Wing Defense Defense
Mats Sundin Markus Naslund Daniel Cleary Jason Smith Michal Rozsival
Goaltenders
Starting : Niklas Backstrom
Backup : Vesa Toskala
Extra Forwards
Normal : Dominic Moore, Kyle Calder, Boyd Devereaux - PP : Dominic Moore, Kyle Calder - PK : Boyd Devereaux
Extra Defensemen
Normal : Ole-Kristian Tollefsen, Mattias Timander, Stanislav Neckar - PP : Ole-Kristian Tollefsen - PK : Mattias Timander, Stanislav Neckar
Penalty Shots
Mats Sundin, Brendan Morrison, Markus Naslund, Chris Simon, Dominic Moore
Penguins
5 vs 5 Forward
Center Left Wing Right Wing Time % Phy DF OF
1 Ryan Getzlaf Andreas Johansson Darren Reid 38 0 1 4
2 Ryan Kesler Taylor Pyatt Ted Purcell 38 0 1 4
3 T.J. Hensick Ben Eager Darcy Tucker 17 1 0 4
4 Riley Armstrong Ruslan Fedotenko Mike Watt 7 1 0 4
5 vs 5 Defense
Defense Defense Time % Phy DF OF
1 Andy Sutton Martin Skoula 40 1 0 4
2 Carlo Colaiacovo Dan Hamhuis 30 1 0 4
3 Dan Hamhuis Andy Delmore 20 1 0 4
4 Martin Skoula Andy Sutton 10 1 0 4
PowerPlay Forward
Center Left Wing Right Wing Time % Phy DF OF
1 Ryan Kesler Andreas Johansson Darren Reid 60 0 0 5
2 Ryan Getzlaf Taylor Pyatt Ted Purcell 40 0 0 5
PowerPlay Defense
Defense Defense Time % Phy DF OF
1 Carlo Colaiacovo Martin Skoula 60 0 1 4
2 Andy Sutton Dan Hamhuis 40 1 1 3
Penalty Kill 4 Players Forward
Center Wing Time % Phy DF OF
1 T.J. Hensick Ben Eager 60 1 0 4
2 Riley Armstrong Darcy Tucker 40 1 0 4
Penalty Kill 4 Players Defense
Defense Defense Time % Phy DF OF
1 Carlo Colaiacovo Martin Skoula 60 1 0 4
2 Dan Hamhuis Andy Sutton 40 1 0 4
Penalty Kill - 3 Players Forward
Forward Time % Phy DF OF
1 Ben Eager 60 1 1 3
2 Mike Watt 40 1 1 3
Penalty Kill - 3 Players Defense
Defense Defense Time % Phy DF OF
1 Martin Skoula Carlo Colaiacovo 60 1 1 3
2 Andy Sutton Andy Delmore 40 1 1 3
4 vs 4 Forward
Center Wing Time % Phy DF OF
1 Ryan Kesler Darren Reid 60 0 0 5
2 Ryan Getzlaf Taylor Pyatt 40 0 0 5
4 vs 4 Defense
Defense Defense Time % Phy DF OF
1 Andy Delmore Martin Skoula 60 0 1 4
2 Andy Sutton Carlo Colaiacovo 40 0 1 4
Last Minutes Offensive
Center Left Wing Right Wing Defense Defense
Ryan Kesler Taylor Pyatt Darren Reid Carlo Colaiacovo Martin Skoula
Last Minutes Defensive
Center Left Wing Right Wing Defense Defense
Riley Armstrong Ben Eager Darcy Tucker Carlo Colaiacovo Andy Sutton
Goaltenders
Starting : Jason LaBarbera
Backup : Brian Elliott
Extra Forwards
Normal : Ryan Kesler, Ryan Getzlaf, Darren Reid - PP : Taylor Pyatt, Ryan Kesler - PK : Ruslan Fedotenko
Extra Defensemen
Normal : Carlo Colaiacovo, Andy Delmore, Martin Skoula - PP : Martin Skoula - PK : Martin Skoula, Andy Sutton
Penalty Shots
Ryan Kesler, Taylor Pyatt, Ryan Getzlaf, Darren Reid, Andreas Johansson
% Time on Ice - Sabres
Lines # - Real PCT - Wanted PCT - Time Play
Normal Forward
1 - 32% - 40% - 14:59
2 - 28% - 30% - 12:53
3 - 29% - 20% - 13:25
4 - 11% - 10% - 4:52
Normal Defense
1 - 42% - 40% - 19:24
2 - 33% - 30% - 15:03
3 - 20% - 20% - 9:01
4 - 6% - 10% - 2:41
PP Forward
1 - 43% - 60% - 1:41
2 - 57% - 40% - 2:15
PP Defense
1 - 77% - 60% - 3:01
2 - 23% - 40% - 0:55
PK Forward
1 - 71% - 60% - 7:01
2 - 29% - 40% - 2:54
PK Defense
1 - 56% - 60% - 5:32
2 - 44% - 40% - 4:23
PK3 Forward
1 - 0% - 60%
2 - 0% - 40%
PK3 Defense
1 - 0% - 60%
2 - 0% - 40%
44 Forward
1 - 0% - 60%
2 - 0% - 40%
44 Defense
1 - 0% - 60%
2 - 0% - 40%
Last Minute Offensive - 0:00
Last Minute Defensive - 0:00
Total
Forward - 60:00
Defense - 60:00
|
% Time on Ice - Penguins
Lines # - Real PCT - Wanted PCT - Time Play
Normal Forward
1 - 32% - 38% - 14:35
2 - 32% - 38% - 14:33
3 - 24% - 17% - 11:14
4 - 13% - 7% - 5:47
Normal Defense
1 - 40% - 40% - 18:29
2 - 33% - 30% - 15:17
3 - 22% - 20% - 10:07
4 - 5% - 10% - 2:16
PP Forward
1 - 58% - 60% - 5:44
2 - 42% - 40% - 4:11
PP Defense
1 - 58% - 60% - 5:43
2 - 42% - 40% - 4:12
PK Forward
1 - 82% - 60% - 3:13
2 - 18% - 40% - 0:43
PK Defense
1 - 60% - 60% - 2:22
2 - 40% - 40% - 1:34
PK3 Forward
1 - 0% - 60%
2 - 0% - 40%
PK3 Defense
1 - 0% - 60%
2 - 0% - 40%
44 Forward
1 - 0% - 60%
2 - 0% - 40%
44 Defense
1 - 0% - 60%
2 - 0% - 40%
Last Minute Offensive - 0:00
Last Minute Defensive - 0:00
Total
Forward - 60:00
Defense - 60:00
|
Play by Play
1st period
0:01 of 1st period - Mats Sundin wins face-off versus Ryan Getzlaf in neutral zone.
0:04 of 1st period - Snap shot by Markus Naslund.
0:04 of 1st period - Deflect By Darren Reid.
0:04 of 1st period - Shot Misses the Net.
0:04 of 1st period - Puck is out of play.
0:05 of 1st period - Mats Sundin wins face-off versus Ryan Getzlaf in Penguins zone.
0:27 of 1st period - Minor Penalty to Daniel Cleary for Roughing.
0:28 of 1st period - Mats Sundin wins face-off versus Andreas Johansson in Sabres zone.
1:13 of 1st period - Wrist shot by Brendan Morrison.
1:13 of 1st period - Stopped by Jason LaBarbera without a rebound.
1:14 of 1st period - Ryan Kesler wins face-off versus Mats Sundin in Penguins zone.
2:27 of 1st period - Penalty to Daniel Cleary is over, Daniel Cleary is back on ice.
2:31 of 1st period - Snap shot by Mats Sundin.
2:31 of 1st period - Shot Misses the Net.
2:33 of 1st period - Slapshot by Brendan Morrison.
2:33 of 1st period - Shot Misses the Net.
2:35 of 1st period - Snap shot by Daniel Cleary.
2:35 of 1st period - Shot Blocked by Carlo Colaiacovo.
2:51 of 1st period - Off-side.
2:52 of 1st period - Riley Armstrong wins face-off versus Dominic Moore in neutral zone.
2:57 of 1st period - Dominic Moore is hit by Riley Armstrong and loses puck.
3:06 of 1st period - Wrist shot by Niclas Bergfors.
3:06 of 1st period - Stopped by Jason LaBarbera with a rebound.
4:11 of 1st period - Slapshot by Riley Armstrong.
4:11 of 1st period - Shot Misses the Net.
4:47 of 1st period - Brendan Morrison is hit by Ryan Getzlaf and loses puck.
5:21 of 1st period - Slapshot by Niclas Bergfors.
5:21 of 1st period - Stopped by Jason LaBarbera with a rebound.
6:03 of 1st period - Tom Preissing is hit by Boyd Devereaux and loses puck.
6:16 of 1st period - Ryan Kesler is hit by Kyle Calder and loses puck.
6:29 of 1st period - T.J. Hensick is hit by Daniel Cleary and loses puck.
7:15 of 1st period - Dominic Moore is hit by Martin Skoula and loses puck.
7:24 of 1st period - Snap shot by Mike Watt.
7:24 of 1st period - Stopped by Niklas Backstrom without a rebound.
7:25 of 1st period - Mats Sundin wins face-off versus Ryan Kesler in Sabres zone.
7:31 of 1st period - Minor Penalty to Andreas Johansson for Slashing.
7:32 of 1st period - Mats Sundin wins face-off versus T.J. Hensick in Penguins zone.
8:17 of 1st period - T.J. Hensick is hit by Chris Simon and loses puck.
8:57 of 1st period - Icing by Jason Smith.
8:58 of 1st period - Ruslan Fedotenko wins face-off versus Brendan Morrison in Sabres zone.
9:06 of 1st period - Off-side.
9:07 of 1st period - T.J. Hensick wins face-off versus Mats Sundin in neutral zone.
9:12 of 1st period - Wrist shot by Mats Sundin.
9:12 of 1st period - Goal by Mats Sundin - Sabres : 1 - Penguins : 0.
9:13 of 1st period - Mats Sundin wins face-off versus Ryan Kesler in neutral zone.
9:13 of 1st period - Minor Penalty to Mats Sundin for Holding.
9:14 of 1st period - Boyd Devereaux wins face-off versus Ryan Kesler in Sabres zone.
9:39 of 1st period - Brendan Morrison is hit by Carlo Colaiacovo and loses puck.
9:44 of 1st period - Wrist shot by Taylor Pyatt.
9:44 of 1st period - Stopped by Niklas Backstrom without a rebound.
9:45 of 1st period - Boyd Devereaux wins face-off versus Andreas Johansson in Sabres zone.
10:14 of 1st period - Snap shot by Ted Purcell.
10:14 of 1st period - Stopped by Niklas Backstrom without a rebound.
10:15 of 1st period - Markus Naslund wins face-off versus Andreas Johansson in Sabres zone.
10:24 of 1st period - Snap shot by Ryan Kesler.
10:24 of 1st period - Stopped by Niklas Backstrom with a rebound.
11:13 of 1st period - Penalty to Mats Sundin is over, Mats Sundin is back on ice.
11:25 of 1st period - Snap shot by Niclas Bergfors.
11:25 of 1st period - Stopped by Jason LaBarbera without a rebound.
11:26 of 1st period - Kyle Calder wins face-off versus T.J. Hensick in Penguins zone.
11:31 of 1st period - Snap shot by Niclas Bergfors.
11:31 of 1st period - Goal by Niclas Bergfors - Sabres : 2 - Penguins : 0.
11:32 of 1st period - Ryan Kesler wins face-off versus Markus Naslund in neutral zone.
11:37 of 1st period - Snap shot by Taylor Pyatt.
11:37 of 1st period - Stopped by Niklas Backstrom without a rebound.
11:38 of 1st period - Ryan Kesler wins face-off versus Mats Sundin in Sabres zone.
11:47 of 1st period - Slapshot by Taylor Pyatt.
11:47 of 1st period - Stopped by Niklas Backstrom without a rebound.
11:48 of 1st period - Ryan Getzlaf wins face-off versus Mats Sundin in Sabres zone.
12:01 of 1st period - Wrist shot by Mats Sundin.
12:01 of 1st period - Stopped by Jason LaBarbera with a rebound.
12:19 of 1st period - Wrist shot by Taylor Pyatt.
12:19 of 1st period - Stopped by Niklas Backstrom with a rebound.
12:21 of 1st period - Slapshot by Taylor Pyatt.
12:21 of 1st period - Stopped by Niklas Backstrom with a rebound.
12:39 of 1st period - Slapshot by Michal Rozsival.
12:39 of 1st period - Deflect By Kyle Calder.
12:39 of 1st period - Shot Misses the Net.
12:39 of 1st period - Puck is out of play.
12:40 of 1st period - Ryan Getzlaf wins face-off versus Dominic Moore in Penguins zone.
12:40 of 1st period - Ryan Getzlaf is hit by Dan McGillis.
12:50 of 1st period - Snap shot by Andreas Johansson.
12:50 of 1st period - Stopped by Niklas Backstrom with a rebound.
12:52 of 1st period - Slapshot by Carlo Colaiacovo.
12:52 of 1st period - Stopped by Niklas Backstrom without a rebound.
12:53 of 1st period - Mats Sundin wins face-off versus Ryan Kesler in Sabres zone.
12:58 of 1st period - Wrist shot by Mats Sundin.
12:58 of 1st period - Deflect By Markus Naslund.
12:58 of 1st period - Shot Blocked by Ryan Kesler.
12:58 of 1st period - Puck is out of play.
12:59 of 1st period - Ryan Kesler wins face-off versus Mats Sundin in Penguins zone.
13:10 of 1st period - Wrist shot by Ryan Kesler.
13:10 of 1st period - Stopped by Niklas Backstrom with a rebound.
13:28 of 1st period - Snap shot by Brendan Morrison.
13:28 of 1st period - Shot Misses the Net.
13:30 of 1st period - Slapshot by Niclas Havelid.
13:30 of 1st period - Stopped by Jason LaBarbera with a rebound.
13:32 of 1st period - Snap shot by Chris Simon.
13:32 of 1st period - Shot Misses the Net.
13:34 of 1st period - Snap shot by Niclas Havelid.
13:34 of 1st period - Shot Blocked by Carlo Colaiacovo.
14:22 of 1st period - Slapshot by Michal Rozsival.
14:22 of 1st period - Shot Blocked by Andy Sutton.
14:24 of 1st period - Slapshot by Michal Rozsival.
14:24 of 1st period - Deflect By Niklas Sundstrom.
14:24 of 1st period - Goal by Niklas Sundstrom - Sabres : 3 - Penguins : 0.
14:25 of 1st period - Mats Sundin wins face-off versus Ryan Getzlaf in neutral zone.
14:25 of 1st period - Minor Penalty to Darren Reid for High sticking.
14:26 of 1st period - Mats Sundin wins face-off versus T.J. Hensick in Penguins zone.
14:27 of 1st period - Slapshot by Markus Naslund.
14:27 of 1st period - Shot Blocked by Martin Skoula.
14:29 of 1st period - Wrist shot by Daniel Cleary.
14:29 of 1st period - Shot Misses the Net.
14:41 of 1st period - Wrist shot by Mats Sundin.
14:41 of 1st period - Goal by Mats Sundin - Sabres : 4 - Penguins : 0.
14:42 of 1st period - Mats Sundin wins face-off versus Ryan Getzlaf in neutral zone.
14:45 of 1st period - Martin Skoula is hit by Markus Naslund and loses puck.
14:56 of 1st period - Slapshot by Markus Naslund.
14:56 of 1st period - Stopped by Jason LaBarbera with a rebound.
14:58 of 1st period - Wrist shot by Mats Sundin.
14:58 of 1st period - Shot Blocked by Andy Sutton.
16:07 of 1st period - Backhand shot by Andreas Johansson.
16:07 of 1st period - Deflect By Darren Reid.
16:07 of 1st period - Goal by Darren Reid - Sabres : 4 - Penguins : 1.
16:08 of 1st period - Mats Sundin wins face-off versus Ryan Getzlaf in neutral zone.
16:15 of 1st period - Snap shot by Markus Naslund.
16:15 of 1st period - Stopped by Jason LaBarbera with a rebound.
16:17 of 1st period - Snap shot by Daniel Cleary.
16:17 of 1st period - Shot Misses the Net.
16:19 of 1st period - Slapshot by Michal Rozsival.
16:19 of 1st period - Shot Misses the Net.
16:21 of 1st period - Wrist shot by Daniel Cleary.
16:21 of 1st period - Shot Misses the Net.
16:23 of 1st period - Snap shot by Jason Smith.
16:23 of 1st period - Stopped by Jason LaBarbera with a rebound.
16:54 of 1st period - Slapshot by Carlo Colaiacovo.
16:54 of 1st period - Stopped by Niklas Backstrom without a rebound.
16:55 of 1st period - T.J. Hensick wins face-off versus Dominic Moore in Sabres zone.
17:02 of 1st period - Snap shot by T.J. Hensick.
17:02 of 1st period - Goal by T.J. Hensick - Sabres : 4 - Penguins : 2.
17:03 of 1st period - Ryan Getzlaf wins face-off versus Mats Sundin in neutral zone.
17:18 of 1st period - Minor Penalty to Daniel Cleary for Goalie Interference.
17:19 of 1st period - Mats Sundin wins face-off versus Ryan Kesler in Sabres zone.
17:19 of 1st period - Mats Sundin is hit by Darren Reid.
17:45 of 1st period - Martin Skoula is hit by Markus Naslund and loses puck.
17:50 of 1st period - Wrist shot by Chris Simon.
17:50 of 1st period - Deflect By Carlo Colaiacovo.
17:50 of 1st period - Shot Blocked by Martin Skoula.
17:50 of 1st period - Puck is out of play.
17:51 of 1st period - Ryan Kesler wins face-off versus Chris Simon in Penguins zone.
18:12 of 1st period - Snap shot by Mats Sundin.
18:12 of 1st period - Stopped by Jason LaBarbera without a rebound.
18:13 of 1st period - Ryan Getzlaf wins face-off versus Mats Sundin in Penguins zone.
18:38 of 1st period - Brendan Morrison is hit by Darren Reid.
19:18 of 1st period - Penalty to Daniel Cleary is over, Daniel Cleary is back on ice.
19:21 of 1st period - Icing by Boyd Devereaux.
19:22 of 1st period - T.J. Hensick wins face-off versus Niclas Bergfors in Sabres zone.
19:23 of 1st period - Slapshot by Darcy Tucker.
19:23 of 1st period - Stopped by Niklas Backstrom without a rebound.
19:24 of 1st period - Dominic Moore wins face-off versus T.J. Hensick in Sabres zone.
19:24 of 1st period - Dominic Moore is hit by Ben Eager.
19:44 of 1st period - Jason Smith is hit by Andy Delmore and loses puck.
2nd period
0:01 of 2nd period - Mats Sundin wins face-off versus Ryan Kesler in neutral zone.
0:48 of 2nd period - Slapshot by T.J. Hensick.
0:48 of 2nd period - Shot Misses the Net.
1:15 of 2nd period - Niclas Havelid is hit by Carlo Colaiacovo and loses puck.
1:50 of 2nd period - Wrist shot by Darren Reid.
1:50 of 2nd period - Shot Misses the Net.
2:39 of 2nd period - Boyd Devereaux is hit by Andy Sutton and loses puck.
3:13 of 2nd period - Wrist shot by Taylor Pyatt.
3:13 of 2nd period - Stopped by Niklas Backstrom with a rebound.
3:15 of 2nd period - Wrist shot by Taylor Pyatt.
3:15 of 2nd period - Deflect By Ryan Kesler.
3:15 of 2nd period - Goal by Ryan Kesler - Sabres : 4 - Penguins : 3.
3:16 of 2nd period - Mats Sundin wins face-off versus Ryan Getzlaf in neutral zone.
3:21 of 2nd period - Snap shot by Mats Sundin.
3:21 of 2nd period - Stopped by Jason LaBarbera without a rebound.
3:22 of 2nd period - Mats Sundin wins face-off versus Ryan Getzlaf in Penguins zone.
3:25 of 2nd period - Wrist shot by Markus Naslund.
3:25 of 2nd period - Shot Misses the Net.
3:35 of 2nd period - Slapshot by Darren Reid.
3:35 of 2nd period - Shot Blocked by Niclas Havelid.
3:51 of 2nd period - Snap shot by Dan McGillis.
3:51 of 2nd period - Shot Misses the Net.
3:53 of 2nd period - Wrist shot by Niklas Sundstrom.
3:53 of 2nd period - Shot Misses the Net.
4:11 of 2nd period - Wrist shot by Niclas Bergfors.
4:11 of 2nd period - Shot Hit the Post.
4:13 of 2nd period - Snap shot by Kyle Calder.
4:13 of 2nd period - Stopped by Jason LaBarbera without a rebound.
4:14 of 2nd period - Ryan Getzlaf wins face-off versus Dominic Moore in Penguins zone.
4:14 of 2nd period - Ryan Getzlaf is hit by Michal Rozsival.
4:36 of 2nd period - Slapshot by Niclas Bergfors.
4:36 of 2nd period - Shot Blocked by Martin Skoula.
4:44 of 2nd period - Mattias Timander is hit by Andy Sutton.
4:59 of 2nd period - Wrist shot by Niclas Bergfors.
4:59 of 2nd period - Stopped by Jason LaBarbera without a rebound.
5:00 of 2nd period - Mats Sundin wins face-off versus Ryan Getzlaf in Penguins zone.
5:13 of 2nd period - Wrist shot by Mats Sundin.
5:13 of 2nd period - Shot Misses the Net.
5:15 of 2nd period - Snap shot by Markus Naslund.
5:15 of 2nd period - Shot Misses the Net.
6:05 of 2nd period - Andy Delmore is hit by Kyle Calder and loses puck.
8:43 of 2nd period - Icing by Dan Hamhuis.
8:44 of 2nd period - Dominic Moore wins face-off versus Ryan Kesler in Penguins zone.
9:21 of 2nd period - Off-side.
9:22 of 2nd period - Mats Sundin wins face-off versus Ryan Getzlaf in neutral zone.
9:25 of 2nd period - Slapshot by Niclas Havelid.
9:25 of 2nd period - Shot Blocked by Ryan Getzlaf.
9:27 of 2nd period - Snap shot by Mats Sundin.
9:27 of 2nd period - Deflect By Daniel Cleary.
9:27 of 2nd period - Shot Blocked by Andy Delmore.
9:27 of 2nd period - Puck is out of play.
9:28 of 2nd period - Ryan Getzlaf wins face-off versus Mats Sundin in Penguins zone.
9:28 of 2nd period - Minor Penalty to Daniel Cleary for Goalie Interference.
9:29 of 2nd period - Ryan Kesler wins face-off versus Mats Sundin in Sabres zone.
9:30 of 2nd period - Wrist shot by Darren Reid.
9:30 of 2nd period - Stopped by Niklas Backstrom without a rebound.
9:31 of 2nd period - Mats Sundin wins face-off versus Ryan Kesler in Sabres zone.
9:44 of 2nd period - Jason Smith is hit by Darren Reid.
10:07 of 2nd period - Slapshot by Ryan Getzlaf.
10:07 of 2nd period - Shot Misses the Net.
11:28 of 2nd period - Penalty to Daniel Cleary is over, Daniel Cleary is back on ice.
11:42 of 2nd period - Snap shot by T.J. Hensick.
11:42 of 2nd period - Deflect By Ben Eager.
11:42 of 2nd period - Shot Misses the Net.
11:42 of 2nd period - Puck is out of play.
11:43 of 2nd period - Ruslan Fedotenko wins face-off versus Dominic Moore in Sabres zone.
11:54 of 2nd period - Snap shot by Niclas Bergfors.
11:54 of 2nd period - Deflect By Kyle Calder.
11:54 of 2nd period - Shot Misses the Net.
11:54 of 2nd period - Puck is out of play.
11:55 of 2nd period - Ryan Getzlaf wins face-off versus Mats Sundin in Penguins zone.
12:22 of 2nd period - Brendan Morrison is hit by T.J. Hensick and loses puck.
12:27 of 2nd period - Snap shot by Ben Eager.
12:27 of 2nd period - Deflect By Niklas Sundstrom.
12:27 of 2nd period - Stopped by Niklas Backstrom without a rebound.
12:28 of 2nd period - Mats Sundin wins face-off versus Ryan Kesler in Sabres zone.
12:58 of 2nd period - Slapshot by Brendan Morrison.
12:58 of 2nd period - Deflect By Chris Simon.
12:58 of 2nd period - Stopped by Jason LaBarbera without a rebound.
12:59 of 2nd period - Andreas Johansson wins face-off versus Mats Sundin in Penguins zone.
13:26 of 2nd period - Jason Smith is hit by Taylor Pyatt and loses puck.
13:45 of 2nd period - Slapshot by Dan McGillis.
13:45 of 2nd period - Stopped by Jason LaBarbera with a rebound.
13:47 of 2nd period - Wrist shot by Niclas Havelid.
13:47 of 2nd period - Stopped by Jason LaBarbera with a rebound.
13:51 of 2nd period - Backhand shot by Dominic Moore.
13:51 of 2nd period - Shot Misses the Net.
13:56 of 2nd period - Off-side.
13:57 of 2nd period - Ryan Getzlaf wins face-off versus Boyd Devereaux in neutral zone.
14:00 of 2nd period - Snap shot by Andreas Johansson.
14:00 of 2nd period - Stopped by Niklas Backstrom with a rebound.
14:17 of 2nd period - Icing by Carlo Colaiacovo.
14:18 of 2nd period - Chris Simon wins face-off versus Ryan Getzlaf in Penguins zone.
14:19 of 2nd period - Snap shot by Brendan Morrison.
14:19 of 2nd period - Stopped by Jason LaBarbera with a rebound.
15:05 of 2nd period - Slapshot by Kyle Calder.
15:05 of 2nd period - Shot Blocked by Andy Sutton.
15:07 of 2nd period - Slapshot by Michal Rozsival.
15:07 of 2nd period - Stopped by Jason LaBarbera with a rebound.
15:15 of 2nd period - Wrist shot by Michal Rozsival.
15:15 of 2nd period - Deflect By Kyle Calder.
15:15 of 2nd period - Goal by Kyle Calder - Sabres : 5 - Penguins : 3.
15:16 of 2nd period - Ted Purcell wins face-off versus Mats Sundin in neutral zone.
15:23 of 2nd period - Off-side.
15:24 of 2nd period - Ryan Kesler wins face-off versus Mats Sundin in neutral zone.
15:28 of 2nd period - Dan Hamhuis is hit by Dan McGillis and loses puck.
15:49 of 2nd period - Snap shot by Dan McGillis.
15:49 of 2nd period - Shot Misses the Net.
16:41 of 2nd period - Snap shot by Ryan Kesler.
16:41 of 2nd period - Shot Misses the Net.
17:09 of 2nd period - Off-side.
17:10 of 2nd period - Mats Sundin wins face-off versus Riley Armstrong in neutral zone.
17:13 of 2nd period - Andy Delmore is hit by Mats Sundin and loses puck.
17:24 of 2nd period - Wrist shot by Mike Watt.
17:24 of 2nd period - Shot Hit the Post.
17:26 of 2nd period - Slapshot by Riley Armstrong.
17:26 of 2nd period - Stopped by Niklas Backstrom without a rebound.
17:26 of 2nd period - Minor Penalty to Ruslan Fedotenko for Hooking.
17:27 of 2nd period - Mats Sundin wins face-off versus T.J. Hensick in Penguins zone.
17:54 of 2nd period - Wrist shot by Brendan Morrison.
17:54 of 2nd period - Stopped by Jason LaBarbera with a rebound.
18:14 of 2nd period - Slapshot by Martin Skoula.
18:14 of 2nd period - Stopped by Niklas Backstrom with a rebound.
19:26 of 2nd period - Penalty to Ruslan Fedotenko is over, Ruslan Fedotenko is back on ice.
19:46 of 2nd period - Slapshot by Jason Smith.
19:46 of 2nd period - Shot Blocked by Andy Delmore.
19:48 of 2nd period - Snap shot by Kyle Calder.
19:48 of 2nd period - Stopped by Jason LaBarbera with a rebound.
19:50 of 2nd period - Snap shot by Niclas Bergfors.
19:50 of 2nd period - Stopped by Jason LaBarbera with a rebound.
3rd period
0:01 of 3rd period - Ryan Getzlaf wins face-off versus Mats Sundin in neutral zone.
0:04 of 3rd period - Michal Rozsival is hit by Ryan Getzlaf and loses puck.
0:09 of 3rd period - Wrist shot by Andreas Johansson.
0:09 of 3rd period - Deflect By Darren Reid.
0:09 of 3rd period - Shot Misses the Net.
0:09 of 3rd period - Puck is out of play.
0:10 of 3rd period - Darren Reid wins face-off versus Mats Sundin in Sabres zone.
0:29 of 3rd period - Snap shot by Darren Reid.
0:29 of 3rd period - Deflect By Ryan Getzlaf.
0:29 of 3rd period - Stopped by Niklas Backstrom without a rebound.
0:30 of 3rd period - Ryan Kesler wins face-off versus Brendan Morrison in Sabres zone.
1:23 of 3rd period - Niclas Bergfors is hit by Martin Skoula and loses puck.
1:36 of 3rd period - Snap shot by Niklas Sundstrom.
1:36 of 3rd period - Stopped by Jason LaBarbera with a rebound.
1:52 of 3rd period - Slapshot by Riley Armstrong.
1:52 of 3rd period - Stopped by Niklas Backstrom with a rebound.
2:27 of 3rd period - Off-side.
2:28 of 3rd period - Mats Sundin wins face-off versus Ryan Kesler in neutral zone.
2:31 of 3rd period - Wrist shot by Dan McGillis.
2:31 of 3rd period - Stopped by Jason LaBarbera with a rebound.
2:33 of 3rd period - Wrist shot by Daniel Cleary.
2:33 of 3rd period - Shot Misses the Net.
2:35 of 3rd period - Slapshot by Markus Naslund.
2:35 of 3rd period - Shot Misses the Net.
2:37 of 3rd period - Wrist shot by Daniel Cleary.
2:37 of 3rd period - Shot Misses the Net.
2:39 of 3rd period - Snap shot by Niclas Havelid.
2:39 of 3rd period - Stopped by Jason LaBarbera without a rebound.
2:40 of 3rd period - Ted Purcell wins face-off versus Brendan Morrison in Penguins zone.
3:13 of 3rd period - Ryan Getzlaf is hit by Jason Smith and loses puck.
3:26 of 3rd period - Dan McGillis is hit by Andy Delmore.
3:27 of 3rd period - Icing by Dan McGillis.
3:28 of 3rd period - Dominic Moore wins face-off versus Ben Eager in Sabres zone.
3:33 of 3rd period - Snap shot by Niclas Bergfors.
3:33 of 3rd period - Shot Misses the Net.
3:38 of 3rd period - Minor Penalty to Niclas Havelid for Holding.
3:39 of 3rd period - Ryan Kesler wins face-off versus Mats Sundin in Sabres zone.
4:23 of 3rd period - Mattias Timander is hit by Martin Skoula and loses puck.
5:38 of 3rd period - Penalty to Niclas Havelid is over, Niclas Havelid is back on ice.
5:39 of 3rd period - Chris Simon is hit by Ben Eager and loses puck.
5:46 of 3rd period - Ole-Kristian Tollefsen is hit by Andy Sutton.
6:22 of 3rd period - Jason Smith is hit by Ben Eager and loses puck.
7:35 of 3rd period - Icing by Tom Preissing.
7:36 of 3rd period - Riley Armstrong wins face-off versus Boyd Devereaux in Penguins zone.
7:54 of 3rd period - Off-side.
7:55 of 3rd period - Mats Sundin wins face-off versus Ryan Getzlaf in neutral zone.
8:05 of 3rd period - Wrist shot by Ryan Getzlaf.
8:05 of 3rd period - Stopped by Niklas Backstrom without a rebound.
8:06 of 3rd period - Brendan Morrison wins face-off versus Ryan Kesler in Sabres zone.
8:13 of 3rd period - Slapshot by Taylor Pyatt.
8:13 of 3rd period - Shot Misses the Net.
8:33 of 3rd period - Mats Sundin is hit by Darren Reid and loses puck.
8:56 of 3rd period - Snap shot by Kyle Calder.
8:56 of 3rd period - Stopped by Jason LaBarbera without a rebound.
8:57 of 3rd period - T.J. Hensick wins face-off versus Niclas Bergfors in Penguins zone.
9:16 of 3rd period - Niclas Bergfors is hit by Darcy Tucker and loses puck.
9:51 of 3rd period - Slapshot by Andy Delmore.
9:51 of 3rd period - Shot Blocked by Niclas Havelid.
10:08 of 3rd period - Off-side.
10:09 of 3rd period - Ted Purcell wins face-off versus Mats Sundin in neutral zone.
10:49 of 3rd period - Icing by Brendan Morrison.
10:50 of 3rd period - Brendan Morrison wins face-off versus Ryan Getzlaf in Sabres zone.
11:11 of 3rd period - Snap shot by Brendan Morrison.
11:11 of 3rd period - Stopped by Jason LaBarbera with a rebound.
11:13 of 3rd period - Slapshot by Niklas Sundstrom.
11:13 of 3rd period - Stopped by Jason LaBarbera with a rebound.
11:15 of 3rd period - Snap shot by Niklas Sundstrom.
11:15 of 3rd period - Goal by Niklas Sundstrom - Sabres : 6 - Penguins : 3.
11:16 of 3rd period - Ryan Kesler wins face-off versus Mats Sundin in neutral zone.
11:41 of 3rd period - Ryan Kesler is hit by Dominic Moore and loses puck.
11:54 of 3rd period - Wrist shot by Ryan Kesler.
11:54 of 3rd period - Shot Hit the Post.
11:56 of 3rd period - Slapshot by Ryan Kesler.
11:56 of 3rd period - Shot Misses the Net.
11:58 of 3rd period - Wrist shot by Ryan Kesler.
11:58 of 3rd period - Shot Misses the Net.
12:00 of 3rd period - Snap shot by Ted Purcell.
12:00 of 3rd period - Shot Blocked by Mattias Timander.
12:02 of 3rd period - Wrist shot by Taylor Pyatt.
12:02 of 3rd period - Stopped by Niklas Backstrom without a rebound.
12:03 of 3rd period - Mats Sundin wins face-off versus Ryan Getzlaf in Sabres zone.
12:37 of 3rd period - Slapshot by T.J. Hensick.
12:37 of 3rd period - Stopped by Niklas Backstrom with a rebound.
13:40 of 3rd period - Backhand shot by Dominic Moore.
13:40 of 3rd period - Goal by Dominic Moore - Sabres : 7 - Penguins : 3.
13:41 of 3rd period - Mats Sundin wins face-off versus Ryan Getzlaf in neutral zone.
13:48 of 3rd period - Slapshot by Michal Rozsival.
13:48 of 3rd period - Stopped by Jason LaBarbera with a rebound.
13:50 of 3rd period - Snap shot by Mats Sundin.
13:50 of 3rd period - Stopped by Jason LaBarbera without a rebound.
13:51 of 3rd period - Ryan Getzlaf wins face-off versus Mats Sundin in Penguins zone.
14:12 of 3rd period - Slapshot by Ryan Getzlaf.
14:12 of 3rd period - Stopped by Niklas Backstrom without a rebound.
14:13 of 3rd period - Brendan Morrison wins face-off versus Ryan Kesler in Sabres zone.
15:05 of 3rd period - Michal Rozsival is hit by Dan Hamhuis and loses puck.
15:26 of 3rd period - Slapshot by Mattias Timander.
15:26 of 3rd period - Shot Blocked by Dan Hamhuis.
15:35 of 3rd period - Off-side.
15:36 of 3rd period - Ryan Kesler wins face-off versus Boyd Devereaux in neutral zone.
15:49 of 3rd period - Snap shot by Ted Purcell.
15:49 of 3rd period - Stopped by Niklas Backstrom with a rebound.
15:51 of 3rd period - Slapshot by Martin Skoula.
15:51 of 3rd period - Stopped by Niklas Backstrom with a rebound.
16:01 of 3rd period - Martin Skoula is hit by Brendan Morrison and loses puck.
16:08 of 3rd period - Chris Simon is hit by Darren Reid and loses puck.
16:23 of 3rd period - Slapshot by Jason Smith.
16:23 of 3rd period - Stopped by Jason LaBarbera without a rebound.
16:24 of 3rd period - T.J. Hensick wins face-off versus Kyle Calder in Penguins zone.
16:24 of 3rd period - T.J. Hensick is hit by Jason Smith.
16:30 of 3rd period - Backhand shot by Dan Hamhuis.
16:30 of 3rd period - Shot Blocked by Jason Smith.
16:40 of 3rd period - Wrist shot by Niclas Bergfors.
16:40 of 3rd period - Deflect By Dominic Moore.
16:40 of 3rd period - Stopped by Jason LaBarbera without a rebound.
16:41 of 3rd period - Mats Sundin wins face-off versus Ryan Kesler in Penguins zone.
16:52 of 3rd period - Daniel Cleary is hit by Andy Sutton and loses puck.
17:19 of 3rd period - Off-side.
17:20 of 3rd period - T.J. Hensick wins face-off versus Dominic Moore in neutral zone.
17:45 of 3rd period - Markus Naslund is hit by Ryan Kesler and loses puck.
17:56 of 3rd period - Slapshot by Mattias Timander.
17:56 of 3rd period - Stopped by Jason LaBarbera with a rebound.
18:31 of 3rd period - Snap shot by Ben Eager.
18:31 of 3rd period - Shot Misses the Net.
19:14 of 3rd period - Snap shot by Brendan Morrison.
19:14 of 3rd period - Shot Misses the Net.
19:16 of 3rd period - Wrist shot by Chris Simon.
19:16 of 3rd period - Deflect By Niklas Sundstrom.
19:16 of 3rd period - Shot Blocked by Andy Delmore.
19:16 of 3rd period - Puck is out of play.
19:17 of 3rd period - Brendan Morrison wins face-off versus Ryan Kesler in Penguins zone.
Output by the SimonT Hockey Simulator (STHS) for François Prévost -- Original Page W3C XHTML 1.0 Valid